[Event "45th FIDE Womens Olympiad 2024"]
[Site "Budapest"]
[Date "2024.09.15"]
[Round "5.63"]
[White "Hakimifard, Ghazal"]
[Black "Alboredo, Julia"]
[Result "1/2-1/2"]
[ECO "B33"]
[WhiteElo "2192"]
[BlackElo "2127"]
[Annotator "TA"]
[PlyCount "117"]
[EventDate "2024.09.05"]
[EventType "team-tourn"]
[EventCountry "HUN"]
[SourceTitle "playchess.com"]
[Source "ChessBase"]
[SourceQuality "1"]
[WhiteTeam "Switzerland"]
[BlackTeam "Brazil"]
[WhiteTeamCountry "SUI"]
[BlackTeamCountry "BRA"]
[TimeControl "40/5400+30:1800+30"]

1. e4 c5 2. Nf3 Nc6 3. d4 cxd4 4. Nxd4 Nf6 5. Nc3 e5 6. Ndb5 d6 7. Bg5 a6 8. Na3 b5 9. Nd5 Be7 10. Bxf6 Bxf6 11. c3 Ne7 12. Nxf6+ gxf6 13. c4 Qa5+ 14. Qd2 Qxd2+ 15. Kxd2 b4 {B33: Sicilian: Pelikan and Sveshnikov Variations.} 16. Nc2 a5 17. Ne3 f5 18. exf5 Bxf5 19. Nxf5 $146 ({Predecessor:} 19. a3 O-O 20. axb4 axb4 21. Bd3 Bg6 22. Bxg6 fxg6 23. f3 Nc6 24. Nd5 b3 25. Nc7 Rac8 26. Nb5 {1-0 Nikitenko,M (2377)-Neizvestnykh,V (2141) Nezhmetdinov Memorial 37th 2015 (5)}) 19... Nxf5 20. Bd3 Nd4 21. Rhe1 Rc8 22. Rac1 Rc5 23. Be4 Rg8 24. Kd3 Ke7 25. f4 Ne6 26. f5 (26. fxe5 $11 {keeps the balance.} Rxe5 (26... dxe5 27. g3 $15) 27. Bf3) 26... Nd4 (26... Nf4+ $17 27. Kd2 Nh5 (27... Nxg2 28. Rg1 $16)) 27. Rf1 {[#]} (27. Re3 $1 $11) 27... Kf6 $1 $17 28. Rce1 a4 (28... b3 $142 29. a3 Nc2) 29. Re3 $17 h5 30. Rh3 Rg5 (30... Rh8 $17) 31. Re3 (31. g4 $1 $15) 31... b3 (31... Nxf5 $2 32. Ref3 $18) 32. axb3 (32. a3 $17) 32... axb3 (32... Nxb3 $19 {...Rg4 would now be deadly.} 33. g3 Rc7) 33. Kc3 Rg8 34. Bd5 Rxd5 (34... Nxf5 $2 35. Ref3 $18 (35. Kxb3 Rxd5 36. cxd5 Kg5 $14)) 35. cxd5 Rxg2 (35... Nxf5 $2 36. Ref3 $18 (36. Kxb3 Kg5 $16)) 36. Rh3 Rc2+ (36... Nxf5 $2 37. Rhf3 $18 (37. Rxh5 Rg5 $18) (37. Kxb3 Kg5 $11)) ({Black should try} 36... Kg5 $1 $15 37. Rg3+ Rxg3+ 38. hxg3 Kg4 (38... Nxf5 39. Kxb3 Nxg3 40. Rg1 $11)) 37. Kd3 $2 {[#]} (37. Kb4 $11 {and White has nothing to worry.}) 37... Rxb2 $2 (37... Nxf5 38. Rxh5 e4+ 39. Kxe4 Rc4+ 40. Kd3 Rd4+ 41. Kc3 Rxd5 42. Kxb3 $16) (37... Ne2 $1 $19 {[%cal Re2f4] Strongly threatening ...Nf4+.} 38. Ke4 Nf4 (38... Rxb2 $2 39. Rh1 $19) 39. Rxf4 (39. Rxb3 $2 {loses.} Re2+ 40. Re3 Rxb2 $19) 39... Rc4+ (39... exf4 40. Rxb3 Kg5 41. Rb7 $17) 40. Kd3 Rxf4 41. Rxh5 Rd4+ (41... Rxf5 $2 42. Rh8 $19) 42. Ke2 Rxd5) 38. Rxh5 $11 Rg2 39. Rh6+ Kg5 $1 40. Rxd6 Nxf5 41. Rd8 Rxh2 42. Rg8+ Kf6 43. Kc4 b2 44. Kc3 e4 45. Rb8 e3 46. Rxb2 Rxb2 47. Kxb2 Ke5 48. Kc3 Ke4 49. Ra1 Nd6 50. Ra6 Nb5+ 51. Kc4 e2 52. Ra1 $1 Nd6+ 53. Kc5 Nf5 54. d6 Nxd6 55. Kxd6 f5 56. Re1 Ke3 57. Ke5 f4 58. Rxe2+ $1 Kxe2 59. Kxf4 1/2-1/2

[Event "45th FIDE Womens Olympiad 2024"]
[Site "Budapest"]
[Date "2024.09.15"]
[Round "5.64"]
[White "Tamarozi, Isabelle"]
[Black "Hryzlova, Sofiia"]
[Result "0-1"]
[ECO "C01"]
[WhiteElo "2059"]
[BlackElo "2188"]
[Annotator "TA"]
[PlyCount "56"]
[EventDate "2024.09.05"]
[EventType "team-tourn"]
[EventCountry "HUN"]
[SourceTitle "playchess.com"]
[Source "ChessBase"]
[SourceQuality "1"]
[WhiteTeam "Brazil"]
[BlackTeam "Switzerland"]
[WhiteTeamCountry "BRA"]
[BlackTeamCountry "SUI"]
[TimeControl "40/5400+30:1800+30"]

1. e4 e6 2. d4 d5 3. exd5 exd5 4. c4 Nf6 5. Nf3 Bb4+ 6. Bd2 Qe7+ (6... Bxd2+ {simplifies} 7. Nbxd2 O-O 8. Be2 Bg4) 7. Be2 O-O 8. O-O {The position is equal.} dxc4 9. Bxc4 Bg4 10. Bg5 Nbd7 11. a3 Ba5 12. Nc3 {Repels Qe4} c6 13. Qd3 (13. Re1 {simplifies} Bxf3 14. Rxe7 Bxd1 15. Rxd1 Rab8 16. Bb3) 13... Qd6 14. Rad1 (14. Bh4 $5) 14... Bc7 15. g3 Nb6 {[#] Strongly threatening ...Nxc4.} 16. Ba2 Nbd5 17. Bb1 {aiming for Nxd5.} g6 18. Ba2 (18. Rc1 {simplifies} Bf5 19. Qd2 Bxb1 20. Rxb1 Rfe8 21. Rbe1) 18... Kg7 19. Rfe1 a5 (19... h6 $15 20. Bd2 Bf5) 20. Re5 Nxc3 21. bxc3 (21. Qxc3 $11 h6 22. Bf4) 21... Qxa3 $17 22. Qe3 $2 {[%mdl 8192] [#] This costs White the game.} Ng8 $19 ({Much less strong is} 22... Qxa2 23. Qf4 Bd8 (23... Bxe5 $2 24. dxe5 Nh5 25. Qxg4 $19) 24. Bxf6+ Bxf6 25. Qxg4) (22... Bxe5 $2 {too greedy.} 23. Qxe5 h6 24. Qxf6+ Kh7 25. Bxf7 $18) 23. Re7 $2 (23. Ra1) 23... Nxe7 {Black is clearly winning.} 24. Bxe7 Qxa2 25. d5 Rfe8 26. Re1 Qxd5 27. Nd4 Bd6 28. f3 Rxe7 {Weighted Error Value: White=1.12/Black=0.07 (flawless) .  Loses game:     	White=1     	---        Mistake:       	White=2     	Black=1      Inaccurate:     	White=3     	Black=1      OK:         	White=4     	Black=6      Best:        	White=2     	Black=2} 0-1

[Event "45th FIDE Womens Olympiad 2024"]
[Site "Budapest"]
[Date "2024.09.15"]
[Round "5.65"]
[White "Brunello, Marina"]
[Black "Mendoza, Shania Mae"]
[Result "1-0"]
[ECO "B36"]
[WhiteElo "2348"]
[BlackElo "2013"]
[Annotator "TA"]
[PlyCount "75"]
[EventDate "2024.09.05"]
[EventType "team-tourn"]
[EventCountry "HUN"]
[SourceTitle "playchess.com"]
[Source "ChessBase"]
[SourceQuality "1"]
[WhiteTeam "Italy"]
[BlackTeam "Philippines"]
[WhiteTeamCountry "ITA"]
[BlackTeamCountry "PHI"]
[TimeControl "40/5400+30:1800+30"]

1. e4 c5 2. Nf3 g6 3. c4 Nc6 4. d4 cxd4 5. Nxd4 Nf6 6. Nc3 Nxd4 7. Qxd4 d6 8. Be3 Bg7 9. Be2 O-O 10. Qd2 Be6 11. O-O Qa5 12. Rac1 Rfc8 13. b3 a6 14. f4 b5 15. f5 (15. cxb5 axb5 16. Bf3 Bg4 $15) 15... Bd7 16. Bg5 b4 {[#]} (16... bxc4 $11 {remains equal.} 17. Bxc4 Bb5 18. Nxb5 Qxd2 19. Bxd2 axb5) 17. Bxf6 $1 $16 {White is better.} bxc3 18. Bxc3 Qc5+ 19. Kh1 a5 20. Bxg7 Kxg7 21. Rc3 f6 22. Rh3 g5 {[#]} 23. e5 $1 {[%mdl 512] White is more active.} Bc6 (23... Qxe5 $2 {perishes.} 24. Re3 Ra7 25. Rxe5 $18) 24. exf6+ exf6 25. Bf3 Bxf3 26. Rhxf3 ({But not} 26. gxf3 $6 Qxf5 27. Rg3 a4 $11) 26... a4 27. Rd3 axb3 28. axb3 Re8 29. h3 ({Better is} 29. Rxd6 $18 {Hoping for Rd5.} Ra7 30. Rd5) 29... Ra6 (29... Ra3 $16 30. Rd5 (30. Rxd6 Rxb3 31. Rd7+ Re7 $16) 30... Qe3) 30. Rd5 $18 Qa3 31. Rb5 {[%cal Oh3h4] h4! would now be deadly.} Re7 (31... Ra7 $142 32. Rb6 Rd7) 32. Rd1 h5 $2 {[#]} (32... Rc6 33. Qd5 Qa6) 33. c5 $1 {[%mdl 512] Qd5 is the strong threat.} dxc5 (33... Rf7 34. Qe2) 34. Qd8 {White mates.} c4 35. Rb8 (35. bxc4 Ra8 36. Qd5 Rae8 $18) 35... Kh6 36. Qh8+ Rh7 {[#]} 37. Qxh7+ $3 Kxh7 38. Rd7+ {Weighted Error Value: White=0.07 (flawless) /Black=0.60.  Mistake:       	White=1     	Black=4      Inaccurate:     	White=1     	Black=2      OK:         	White=8     	Black=2      Best:        	White=2     	Black=1      Strong:       	White=1     	---        Brilliant:      	White=1     	---} 1-0

[Event "45th FIDE Womens Olympiad 2024"]
[Site "Budapest"]
[Date "2024.09.15"]
[Round "5.66"]
[White "Frayna, Janelle Mae"]
[Black "Zimina, Olga"]
[Result "1/2-1/2"]
[ECO "A11"]
[WhiteElo "2216"]
[BlackElo "2302"]
[Annotator "TA"]
[PlyCount "85"]
[EventDate "2024.09.05"]
[EventType "team-tourn"]
[EventCountry "HUN"]
[SourceTitle "playchess.com"]
[Source "ChessBase"]
[SourceQuality "1"]
[WhiteTeam "Philippines"]
[BlackTeam "Italy"]
[WhiteTeamCountry "PHI"]
[BlackTeamCountry "ITA"]
[TimeControl "40/5400+30:1800+30"]

1. c4 c6 2. Nf3 d5 3. g3 Bg4 4. Ne5 Bf5 5. Bg2 Nd7 6. Nxd7 Qxd7 7. cxd5 cxd5 8. Qb3 Nf6 9. Nc3 e6 10. O-O Rc8 11. d3 d4 12. Ne4 Nd5 13. Ng5 Bc5 14. Bd2 {Repels a5} O-O 15. Rfc1 h6 16. Ne4 Be7 17. Rxc8 Rxc8 18. Rc1 Bg6 19. Rxc8+ Qxc8 20. Qc4 Qxc4 21. dxc4 Nb6 22. c5 $1 Nc4 {[%cal Og6e4] [#] White must now prevent ...Bxe4!} 23. Bc1 f5 24. Nd2 Nxd2 25. Bxd2 Bxc5 26. Bxb7 $11 {[%mdl 4096] Endgame. KBB-KBB} Be8 27. b4 Bd6 28. f4 Bb5 29. Kf2 Kf7 30. e3 dxe3+ 31. Kxe3 Bc7 32. Bc3 g5 33. Bf3 gxf4+ 34. gxf4 a6 35. Bd1 Bf1 36. a4 Bd6 37. Bf3 Ke7 38. Bc6 Bc4 39. h4 Bf1 40. Bf3 Kf7 41. Bc6 {[#] Strongly threatening b5.} Ke7 42. Bd2 Kd8 43. Bc3 {Weighted Error Value: White=0.06 (flawless) /Black=0.04 (flawless) .  Inaccurate:     	White=2     	Black=1      OK:         	White=16    	Black=19     Best:        	White=1     	Black=1      Strong:       	White=1     	---} 1/2-1/2

[Event "45th FIDE Womens Olympiad 2024"]
[Site "Budapest"]
[Date "2024.09.15"]
[Round "5.67"]
[White "Gueci, Tea"]
[Black "Fronda, Jan Jodilyn"]
[Result "1/2-1/2"]
[ECO "B72"]
[WhiteElo "2199"]
[BlackElo "2165"]
[Annotator "TA"]
[PlyCount "117"]
[EventDate "2024.09.05"]
[EventType "team-tourn"]
[EventCountry "HUN"]
[SourceTitle "playchess.com"]
[Source "ChessBase"]
[SourceQuality "1"]
[WhiteTeam "Italy"]
[BlackTeam "Philippines"]
[WhiteTeamCountry "ITA"]
[BlackTeamCountry "PHI"]
[TimeControl "40/5400+30:1800+30"]

1. e4 c5 2. Nf3 d6 3. d4 cxd4 4. Nxd4 Nf6 5. Nc3 g6 6. Be3 a6 7. f3 b5 8. a4 b4 9. Na2 {White is slightly better.} e5 10. Nb3 d5 11. exd5 (11. Bg5 $1 $14) 11... Nxd5 $11 12. Bf2 Nc6 (12... Be6 $5) 13. Bd3 Be6 14. O-O Qg5 (14... Qc7 $11) 15. h4 Qd8 16. Qe1 Bg7 (16... Qc7 $11) 17. Nc5 $36 {[%mdl 2048] White has good play.} Qc8 18. Be4 {Black must now prevent Qd2.} Rb8 19. Rd1 {White is more active.} Nde7 20. Nxe6 Qxe6 21. Nc1 f5 $2 (21... O-O $14) 22. Bd3 $18 Na5 {[#]} (22... O-O {was necessary.} 23. Nb3 (23. Bxa6 Ra8 $16) 23... Rfd8) 23. Nb3 $1 Nxb3 24. cxb3 Qxb3 25. Qe2 (25. Bxa6 $6 O-O 26. Bb5 Rbc8 $18) 25... e4 $2 (25... Rc8 26. Bxa6 Rc2) 26. Bxa6 (26. fxe4 Qxb2 27. Qxb2 (27. Bxa6 Qxe2 28. Bxe2 Rc8 $16) 27... Bxb2 28. Bxa6 Kf7 29. Bc4+ Kg7 $18) 26... Qxb2 27. Bb5+ ({Less strong is} 27. fxe4 Qxe2 28. Bxe2 Rc8 $18) 27... Kf8 28. Rd2 Qe5 29. fxe4 Bf6 30. Bd4 {This pair of bishops is nice.} Qe6 31. Bxf6 Qxf6 32. exf5 gxf5 33. Qc4 (33. Rd7 {[%cal Od7e7] And now Rxe7! would win.} Re8 34. Qe3) 33... Rg8 $2 (33... Kg7 34. Re1 (34. Qxb4 Rhd8 $18) 34... Rhc8 35. Qxb4 Ng8) 34. Qxb4 Kf7 35. Re1 (35. Rd6 $142 Qe5 36. Re1) 35... Rgd8 36. Rde2 Nd5 37. Qb2 Qxh4 38. Qe5 Nf6 39. Qxf5 {Re4 would kill now.} Rb7 $2 (39... Kg7 40. Re7+ Kh8) 40. Rf1 $2 (40. Re4 Qh6 41. Rg4) 40... Kg7 41. Qf2 Qxf2+ 42. Rexf2 Ng4 43. Re2 (43. Ra2 $18) 43... Rd6 44. Rfe1 (44. Ra1 $18) 44... Kf6 (44... Ra7 $16 45. Re7+ Rxe7 46. Rxe7+ Kh6) 45. Re4 h5 46. Be2 (46. Ra1 $18) 46... Kg5 (46... Kf5 $16 {is a better defense.}) 47. a5 Rb2 {[#]} 48. Ra1 $1 {Threatens to win with a6.} Rdd2 49. Bf1 Ra2 50. Ree1 (50. Ra4 $18 Rxa1 51. Rxa1) 50... Kf4 $14 51. a6 {a7 is the strong threat.} Kg3 52. Rxa2 (52. a7 $2 {leads to mate.} Rxg2+ 53. Bxg2 Rxg2+ 54. Kh1 Nf2#) 52... Rxa2 {[%mdl 4096] Endgame. KRB-KRN} 53. Be2 (53. Rb1 $14) 53... Ne3 $11 54. Bf3 Nxg2 {[#]} (54... Nc2 $11 55. Rc1 Nd4) 55. Bxg2 (55. Bd5 $1 $16 Rxa6 56. Bxg2) 55... Rxg2+ {The position is equal.} 56. Kh1 {Intending Rg1 and mate.} Ra2 57. Re3+ Kf4 58. Re6 Kg3 {( -> ...Ra1+)} 59. Re3+ {Black escapes into a draw.   Weighted Error Value: White=0.55/Black=0.38.  Loses game:     	---       	Black=1      Missed win:     	White=1     	---        Mistake:       	White=7     	Black=9      Inaccurate:     	White=2     	Black=1      OK:         	White=21    	Black=14     Best:        	White=2     	Black=3      Strong:       	White=1     	---} 1/2-1/2

[Event "45th FIDE Womens Olympiad 2024"]
[Site "Budapest"]
[Date "2024.09.15"]
[Round "5.68"]
[White "Canino, Ruelle"]
[Black "Sala, Giulia"]
[Result "1/2-1/2"]
[ECO "A37"]
[WhiteElo "2004"]
[BlackElo "2115"]
[Annotator "TA"]
[PlyCount "200"]
[EventDate "2024.09.05"]
[EventType "team-tourn"]
[EventCountry "HUN"]
[SourceTitle "playchess.com"]
[Source "ChessBase"]
[SourceQuality "1"]
[WhiteTeam "Philippines"]
[BlackTeam "Italy"]
[WhiteTeamCountry "PHI"]
[BlackTeamCountry "ITA"]
[TimeControl "40/5400+30:1800+30"]

1. c4 c5 2. Nf3 Nc6 3. g3 g6 4. Bg2 Bg7 5. O-O e6 6. Nc3 Nge7 7. d3 d6 8. Bd2 O-O 9. a3 b6 10. Rb1 Bb7 11. b4 Qd7 12. e3 {A37: Symmetrical English vs ...g6: 4 Bg2 Bg7 5 Nf3.} Rab8 13. Ne2 $146 ({Predecessor:} 13. Na4 e5 14. Nc3 f5 15. Qa4 h6 16. Nd5 Qe8 17. Qc2 Nxd5 18. cxd5 Ne7 19. bxc5 bxc5 {1-0 Ghasi,A (2479)-Wells,P (2355) BCF-ch rapidplay 34th 2023 (10)}) 13... Rfd8 14. d4 cxd4 15. exd4 Nf5 16. Bc3 Nce7 17. Qd3 Rbc8 18. Ba1 Ba6 19. b5 Bb7 20. Rfc1 Rc7 21. Bc3 d5 22. c5 bxc5 23. Ba5 c4 24. Qc3 Nd6 25. Bxc7 Qxc7 26. Qb4 Qb8 27. a4 Nef5 28. a5 Ne4 29. a6 Bc8 30. Qa5 Qb6 31. Qxb6 axb6 32. Ne5 Bxe5 33. dxe5 Nc5 34. Rc2 Bd7 35. Ra2 Ra8 36. g4 Ne7 37. Nd4 Nd3 38. Re2 g5 39. Re3 Ng6 40. Nf3 h6 41. Rxd3 cxd3 42. Bf1 Nf4 43. Ne1 Kg7 44. Nxd3 Nxd3 45. Bxd3 f6 46. exf6+ Kxf6 47. Rc1 Ra7 48. f3 Ke5 49. Kf2 Kd6 50. Kg3 Ra8 51. f4 gxf4+ 52. Kxf4 e5+ 53. Ke3 e4 54. Be2 Ke5 55. Rc7 d4+ 56. Kd2 Be8 57. Bf1 $2 (57. Re7+ $18 Kd5 58. Bf1) 57... d3 $11 58. Re7+ Kd6 $1 59. Rh7 $2 (59. Rxe4 $11 Bxb5 60. Bxd3 Bxd3 61. Rd4+ (61. Kxd3 Rxa6 62. h4 b5 $11) 61... Kc7 62. Kxd3 (62. Rxd3 Rxa6 63. h3 Ra2+ 64. Kc3 Kc6 $11)) 59... Bxb5 $19 60. a7 (60. Ke3 $142) 60... Kc5 $19 61. Ke3 Bc6 62. Bg2 (62. Rc7 $142 Rd8 63. Kd2) 62... Rd8 $19 (62... d2 63. Kxd2 e3+ 64. Kxe3 Bxg2 65. Rxh6) 63. Rc7 $2 (63. Rxh6 Bb7 (63... d2 $2 64. Rxc6+ Kxc6 65. Bxe4+ Kc5 66. Bf3 $17) 64. Bf1 (64. Bxe4 $2 Bxe4 65. Kd2 Rd7 $19)) 63... d2 $19 64. Rxc6+ Kxc6 65. Bxe4+ Kc5 66. Bf3 d1=Q 67. Bxd1 Ra8 68. h4 Rxa7 69. Kf4 Rf7+ 70. Ke5 Rf1 (70... Re7+ $142 71. Kf6 Kd6) 71. Bb3 $2 (71. Bc2 Kc6 72. g5 hxg5 73. hxg5) 71... Rh1 $2 (71... Rg1 $19 72. Kf5 b5) 72. h5 $2 (72. g5 $11) 72... Rf1 73. Bc2 Rf8 (73... b5 $142 74. Ke4 Rf2) 74. Ke6 b5 75. Ke7 Rf4 76. Bf5 b4 77. Kf6 b3 78. Kg7 {[#]} Rxf5 $2 (78... Kd5 $1 {[%mdl 512] mates} 79. Bg6 Rxg4 80. Kh7 Ke6 81. Kxh6 b2 82. Bh7 Kf6 83. Bd3 Rg1 84. Kh7 b1=Q (84... b1=B 85. Kh6 Ba2 86. Kh7 Bf7 87. Kh6 Rg5 88. Be2 Bxh5 89. Bxh5 Rg3 90. Be8 Rh3+ 91. Bh5 Rh4 92. Kh7 Rxh5+ 93. Kg8 Rh6 94. Kf8 Rh8#) 85. Bxb1 Rxb1 86. Kh8 Rh1 87. Kh7 Rxh5+ 88. Kg8 Rh6 89. Kf8 Rh8#) 79. gxf5 $11 b2 80. f6 $1 b1=Q (80... b1=B 81. f7 (81. Kxh6 Bf5 $18) 81... Kd5 82. f8=Q (82. f8=B Bc2 $11) 82... Kc4 83. Kxh6 (83. Qf7+ Kc3 84. Qf6+ Kc4 85. Qc6+ Kb3 86. Kxh6 Bd3 87. Kg7 Be2) 83... Bc2 84. Qc8+ Kd3 85. Kg7 (85. Qxc2+ Kxc2 86. Kg5 Kd3 87. h6 Ke4 88. h7 Ke3 89. h8=Q Kd3)) 81. f7 $1 Qb2+ 82. Kg8 Qg2+ 83. Kh8 Qf3 84. Kg7 Qc3+ 85. Kg8 Qg3+ 86. Kh7 Qf4 87. Kg7 Qe5+ (87... Qg5+ 88. Kh7) 88. Kh7 Qf5+ 89. Kg7 $1 Qg5+ 90. Kh7 Qe7 91. Kg8 $1 Qe6 (91... Qg5+ 92. Kh7) 92. Kg7 Qe5+ 93. Kh7 Qf5+ 94. Kg7 Qxh5 ({Much less strong is} 94... Qg5+ 95. Kh8 $15) 95. f8=Q+ Kd5 96. Qa8+ Kd4 97. Qa1+ Ke4 98. Qe1+ Kf5 99. Qf2+ Kg5 100. Qe3+ Kh4 1/2-1/2

[Event "45th FIDE Womens Olympiad 2024"]
[Site "Budapest"]
[Date "2024.09.15"]
[Round "5.69"]
[White "Keinanen, Anastasia"]
[Black "Francisco Guecamburu, Candela Be"]
[Result "1/2-1/2"]
[ECO "C60"]
[WhiteElo "2212"]
[BlackElo "2294"]
[Annotator "TA"]
[PlyCount "76"]
[EventDate "2024.09.05"]
[EventType "team-tourn"]
[EventCountry "HUN"]
[SourceTitle "playchess.com"]
[Source "ChessBase"]
[SourceQuality "1"]
[WhiteTeam "Finland"]
[BlackTeam "Argentina"]
[WhiteTeamCountry "FIN"]
[BlackTeamCountry "ARG"]
[TimeControl "40/5400+30:1800+30"]

1. e4 e5 2. Nf3 Nc6 3. Bb5 Nge7 4. Nc3 Ng6 5. d4 exd4 6. Nxd4 Bc5 7. Nf5 O-O 8. Be3 Bxe3 (8... Bb4 $11) 9. Nxe3 $14 {White is slightly better.} d6 10. g3 Nge7 11. Bd3 {White is more active.} Kh8 12. Qh5 Ne5 13. f4 Nxd3+ 14. cxd3 c6 15. d4 b5 16. O-O b4 17. Ne2 f5 18. e5 dxe5 19. fxe5 Ba6 20. Rad1 $1 Qa5 (20... g6 $5 21. Qf3 Qa5 $14) 21. Rf2 Bxe2 22. Qxe2 Qa4 {[#]} (22... Qxa2 $11 23. Nc4 Qa6) 23. a3 Qxa3 $2 24. Re1 $2 (24. bxa3 $18 a5 25. Qd3 (25. axb4 axb4 26. d5 cxd5 $18)) 24... Qa2 25. Ref1 Qe6 26. Ng2 (26. Qa6 $11) 26... Nd5 (26... Rfd8 $15 {is superior.} 27. Nf4 Qg8) 27. Qh5 (27. Qa6 $11) 27... a5 28. g4 {[#]} f4 29. Nxf4 Nxf4 30. Rxf4 Rxf4 31. Rxf4 $17 {[%mdl 4096] Endgame. KQR-KQR} a4 {Hoping for ...a3.} 32. Qf5 Qxf5 33. gxf5 {KR-KR} a3 34. bxa3 bxa3 {...a2 would now be deadly.} 35. Rf1 Kg8 36. Kf2 a2 37. Ra1 Ra4 38. Ke3 (38. Kf3 $11) 38... Kf7 {Weighted Error Value: White=0.51/Black=0.14 (very precise) .  Loses game:     	---       	Black=1      Missed win:     	White=1     	---        Mistake:       	White=4     	Black=3      Inaccurate:     	White=3     	Black=2      OK:         	White=7     	Black=14     Best:        	White=4     	---        Strong:       	White=1     	---} 1/2-1/2

[Event "45th FIDE Womens Olympiad 2024"]
[Site "Budapest"]
[Date "2024.09.15"]
[Round "5.70"]
[White "Campos, Maria Jose"]
[Black "Paasikangas, Johanna"]
[Result "1-0"]
[ECO "A13"]
[WhiteElo "2252"]
[BlackElo "2058"]
[Annotator "TA"]
[PlyCount "79"]
[EventDate "2024.09.05"]
[EventType "team-tourn"]
[EventCountry "HUN"]
[SourceTitle "playchess.com"]
[Source "ChessBase"]
[SourceQuality "1"]
[WhiteTeam "Argentina"]
[BlackTeam "Finland"]
[WhiteTeamCountry "ARG"]
[BlackTeamCountry "FIN"]
[TimeControl "40/5400+30:1800+30"]

1. c4 e6 2. g3 d5 3. Nf3 Nf6 4. Bg2 d4 5. O-O c5 6. e3 Nc6 7. exd4 cxd4 8. d3 Bc5 9. a3 a5 10. Bg5 h6 {The position is equal.} 11. Bxf6 Qxf6 12. Nbd2 Qe7 13. Re1 O-O 14. Ne4 Ba7 15. Rc1 f5 16. Ned2 Qf6 17. c5 {White is more active.} e5 {[#] A mistake that costs the game.} (17... g5 $16 {was necessary.}) 18. b4 $1 $18 axb4 19. axb4 Bb8 20. b5 Ne7 21. Nc4 Ng6 22. Nfd2 {Threatens to win with Nb6.} Qf7 23. Nb6 Ra5 (23... Ra3 $16 24. Ndc4 Rc3) 24. Nb3 $1 {A dynamic duo of knights.} Rxb5 {[#]} (24... Ra2 25. Nxd4 Rd8 (25... exd4 $2 {loses.} 26. Bd5 $18)) 25. Bd5 $1 Be6 {[#]} 26. Bxe6 ({Less strong is} 26. Nxd4 Bxd5 27. Nxb5 Bc6 $16) 26... Qxe6 27. Nxd4 Qe8 28. Nxb5 Qxb5 29. Qf3 e4 30. dxe4 f4 31. Qe2 Qe8 32. Qh5 Kh7 33. Rc3 Be5 34. Rd3 {White is clearly winning.} Rf7 35. Nc4 fxg3 36. hxg3 Bc7 37. Nd6 Bxd6 38. Rxd6 Ne5 {Hoping for ...Nf3+.} 39. f4 g6 40. Qxe5 {Weighted Error Value: White=0.13 (very precise) /Black=0.49.  Mistake:       	---       	Black=3      Inaccurate:     	White=2     	Black=3      OK:         	White=16    	Black=12     Best:        	White=1     	Black=1      Strong:       	White=1     	---        Brilliant:      	White=1     	---} 1-0

[Event "45th FIDE Womens Olympiad 2024"]
[Site "Budapest"]
[Date "2024.09.15"]
[Round "5.71"]
[White "Bederdin, Lilja"]
[Black "Borda Rodas, Anapaola S."]
[Result "0-1"]
[ECO "C54"]
[WhiteElo "2065"]
[BlackElo "2216"]
[Annotator "TA"]
[PlyCount "88"]
[EventDate "2024.09.05"]
[EventType "team-tourn"]
[EventCountry "HUN"]
[SourceTitle "playchess.com"]
[Source "ChessBase"]
[SourceQuality "1"]
[WhiteTeam "Finland"]
[BlackTeam "Argentina"]
[WhiteTeamCountry "FIN"]
[BlackTeamCountry "ARG"]
[TimeControl "40/5400+30:1800+30"]

1. e4 e5 2. Nf3 Nc6 3. Bc4 Bc5 4. c3 Nf6 5. d3 d6 6. O-O a6 7. Bb3 Ba7 8. Nbd2 h6 9. Re1 Nh7 10. Nf1 Qf6 {White has an edge.} 11. Ne3 Bxe3 12. fxe3 Bg4 13. Qe2 Ng5 14. Bd1 Nxf3+ 15. gxf3 Bd7 (15... Bh3 {looks sharper.} 16. b4 h5 17. a4 Ne7) 16. Kh1 $1 g5 $36 {[%mdl 2048] Black is more active.} 17. f4 O-O-O 18. d4 (18. f5 $1 $11) 18... gxf4 $17 {Black is more active.} 19. d5 Ne7 20. exf4 exf4 {Hoping for ...Ng6.} (20... Qh4 {is interesting.} 21. Bd2 Rhg8 22. Qh5 Qh3) 21. Qf2 (21. Qf3 $17) 21... Ng6 $19 22. Bh5 Kb8 23. Bxg6 Qxg6 24. Bxf4 Bg4 (24... Rde8 $1 $19 25. e5 Qh5) 25. Re3 $17 Rde8 (25... f5 $17 26. e5 dxe5 27. Bxe5 f4 28. Qxf4 Rhf8) 26. Rae1 Qh5 {Threatens to win with ...f5.} 27. Kg1 (27. Rg3 $11 {keeps the balance.}) 27... f6 (27... Rhg8 $17 28. Bg3 f5 29. exf5 (29. e5 $2 dxe5 30. Rxe5 Rxe5 $19) 29... Rxe3 30. Rxe3 Bxf5 (30... Qxf5 31. Qxf5 Bxf5 32. c4 $11)) 28. Rg3 $15 Rhg8 29. Ree3 {Dodges Bf3} Bh3 30. Rxg8 ({Better is} 30. b3 $15) 30... Rxg8+ $19 31. Bg3 {[#]} Qg5 ({Black should try} 31... Qe8 $1 $19 {aiming for ...h5.} 32. Re1 (32. Qxf6 $2 {too greedy.} Rf8 $19) 32... Rg4 33. Qxf6 Rxe4) 32. Kh1 $17 h5 33. c4 (33. Bf4 $17 Qg2+ 34. Qxg2 Bxg2+ 35. Kg1 Bxe4+ 36. Rg3 Bxd5 37. Rxg8+ Bxg8 38. a3) 33... Qg4 $19 34. Re1 {[#]} (34. Qe2 $17 {is a better defense.}) 34... h4 $1 35. Bxh4 {[%cal Oh4g3] [#]} Bg2+ $1 36. Kg1 Bxe4+ 37. Bg3 f5 38. Qf1 (38. Qe3 $142) 38... Qg5 (38... Bc2 $142 {And now ...f4 would win.} 39. Rc1 f4 40. Rxc2 fxg3) 39. Qe2 {[#]} Bxd5 $1 40. cxd5 (40. Qe7 Qxe7) 40... f4 41. Qd2 fxg3 42. Re8+ Ka7 $1 43. Qxg5 $2 (43. Qd4+ b6 44. Rxg8 gxh2+ (44... Qxg8 45. h3 $17) 45. Kxh2 Qxg8 46. Kh3) 43... gxh2+ ({Less strong is} 43... Rxg5 44. h4 Rh5 (44... Rxd5 45. Kg2 $11) 45. Re4 $11) 44. Kxh2 Rxg5 {Weighted Error Value: White=0.46/Black=0.26 (precise) .  Mistake:       	White=8     	Black=5      Inaccurate:     	White=2     	Black=1      OK:         	White=13    	Black=10     Best:        	White=6     	Black=7      Strong:       	White=1     	Black=2} 0-1